 Dungeon Crawl Stone Soup version 0.19-a0-1712-gff403d4 (webtiles) character file.

11 MackTheKnife the Skirmisher (level 2, 20/20 HPs)
             Began as a Kobold Wanderer on Sept 28, 2016.
             Got out of the dungeon alive.
             The game lasted 00:00:58 (339 turns).

MackTheKnife the Skirmisher (Kobold Wanderer)        Turns: 339, Time: 00:00:59

Health: 20/20      AC:  9    Str:  8    XL:     2   Next: 35%
Magic:  2/2        EV: 10    Int: 16    God:
Gold:   25         SH:  0    Dex: 12    Spells: 0 memorised, 1 level left

rFire  . . .     SeeInvis .     c - +0 quarterstaff
rCold  . . .     Gourm    .     a - +2 scale mail
rNeg   . . .     Faith    .     (shield currently unavailable)
rPois  .         Spirit   .     (no helmet)
rElec  .         Dismiss  .     (no cloak)
rCorr  .         Reflect  .     (no gloves)
MR     .....     Harm     .     (no boots)
Stlth  +.........               (no amulet)
                                (no ring)
                                (no ring)

@: no status effects
A: carnivore 3
a: no special abilities


You escaped.
You were not hungry.

You visited 1 branch of the dungeon, and saw 1 of its levels.

You collected 25 gold pieces.

Inventory:

Hand Weapons
 c - a +0 quarterstaff (weapon)
 d - a +0 dagger
 k - a cursed -1 hunting sling
   (You found it on level 1 of the Dungeon)
Armour
 a - a +2 scale mail (worn)
Jewellery
 j - an uncursed ring of magical power {unknown}
   (You found it on level 1 of the Dungeon)
Scrolls
 e - a scroll of random uselessness {unknown}
 h - 2 scrolls of enchant armour {unknown}
 i - 2 scrolls of remove curse {unknown}
Potions
 b - a potion of curing
Comestibles
 f - a meat ration {@e2}
 g - a beef jerky


   Skills:
 + Level 4.7 Fighting
 - Level 1.7 Staves
 - Level 1.0 Armour
 + Level 1.2 Dodging
 - Level 2.6 Stealth
   Level 1.2 Evocations


You had one spell level left.
You didn't know any spells.

Dungeon Overview and Level Annotations

Branches:
Dungeon (1/15)

Altars:


Innate Abilities, Weirdness & Mutations

You are small and have problems with some larger weapons.
You are carnivorous and can eat meat at any time.


Message History

The bat hits you.
You take 1 damage, and have 10/16 hp.
You closely miss the bat. The bat hits you but does no damage.
The bat hits you but does no damage. The bat barely misses you.
The bat hits you but does no damage. The bat barely misses you.
The bat hits you.
You take 1 damage, and have 9/16 hp.
You are too injured to fight recklessly!
You are too injured to fight recklessly!
You are too injured to fight recklessly!
You are too injured to fight recklessly!
You barely miss the bat. The bat hits you but does no damage.
You swing at nothing.
You hit the bat but do no damage. The bat barely misses you.
You swing at nothing.
The bat barely misses you.
You see here a scroll labeled BANLYS TIAJ.
A bat is nearby!
You miss the bat. The bat barely misses you.
You swing at nothing.
The bat barely misses you.
You swing at nothing.
The bat closely misses you.
You swing at nothing.
The bat hits you but does no damage.
You swing at nothing.
The bat closely misses you.
You swing at nothing.
The bat hits you but does no damage.
You miss the bat. The bat barely misses you.
You thump the bat!
You kill the bat!
Your Dodging skill increases to level 1!
You have reached level 2!
You regained 2 hp, and now have 12/20 hp.
MP restored: 2 You start resting.
Health restored: 20 Unknown command.
You see here a bat corpse.
You butcher the bat corpse.
h - a chunk of flesh {@w0}
i - a scroll labeled BANLYS TIAJ Eating a chunk of flesh {@w0}.
You start eating the chunk of flesh {@w0}.
You continue eating. x2
You finish eating.
This raw flesh tastes great.
h - a scroll labeled ONEIME COKEI A rat comes into view.
A rat is nearby!
The rat bites you but does no damage.
You hit the rat but do no damage. The rat bites you but does no damage.
You barely miss the rat. The rat barely misses you.
You closely miss the rat. The rat bites you.
You take 3 damage, and have 17/20 hp.
You hit the rat. The rat bites you but does no damage.
You hit the rat.
You kill the rat!
No target in view!
No target in view!
h - 2 scrolls labeled ONEIME COKEI (gained 1)
i - 2 scrolls labeled BANLYS TIAJ (gained 1)
j - a silver ring You regained 2 hp, and now have 19/20 hp.
Found a stone staircase leading down.
You see here a robe.
k - a runed hunting sling Wield which item (- for none, * to show all)? (? for menu, Esc to quit)
Okay, then.
Okay, then.
Quiver which item? (- for none, * to show all) (? for menu, Esc to quit)
Okay, then.
Unknown command.
Quiver which item? (- for none, * to show all) (? for menu, Esc to quit)
Okay, then.
Unknown command.
A dart slug comes into view.
The dart slug launches a dart at you. The slug dart misses you.
Health restored: 20 You hit the dart slug but do no damage.
The dart slug bites you but does no damage.
You sock the dart slug!
You kill the dart slug!
No target in view!
No target in view!
(D) Dungeon
Where to? (Enter - D:1 @ (x,y), ? - help)
A kobold comes into view. It is wielding a short sword.
The kobold shouts!
The kobold throws a stone.
The stone hits you but does no damage.
You see here a stone.
The kobold hits you but does no damage.
You sock the kobold!
You kill the kobold!
No target in view!
(D) Dungeon
Where to? (Enter - D:1 @ (x,y), ? - help)
You see here a stone.
You enter the shallow water.
Moving in this stuff is going to be slow.
There is a staircase leading out of the dungeon here.
Are you sure you want to leave the Dungeon?
This will make you lose the game!
You have escaped!

.....# .# #.(..##..#....#
.....###.## #....###.#.#.##.#
..........#.########........#
.....#### #.#.#.#.#.#.##.###
###.### #.#.#.#.#.#.# ......#
#.#.≈≈≈≈≈.#.## .##.#.#
#.#≈...≈#.#.# ......#
#.≈...≈.#.## ......#
#.#≈.@.≈#.#.# ........
#.#.≈≈≈≈≈.#.## ....#####
.#.#.#.#.#.#.# #...#
#.#.#.#.#.#.## ..[#
.....######### #####


There were no monsters in sight!

Vanquished Creatures
  A dart slug (D:1)
  2 bats (D:1)
  2 kobolds (D:1)
  5 rats (D:1)
10 creatures vanquished.

Notes
Turn   | Place    | Note
-------+----------+-------------------------------------------
     0 | D:1      | MackTheKnife the Kobold Wanderer began the quest for the Orb.
     0 | D:1      | MackTheKnife set off with: a +2 scale mail, a potion of curing, a +0 quarterstaff, a +0 dagger, a meat ration {@e2}
     0 | D:1      | Reached XP level 1. HP: 16/16 MP: 1/1
    96 | D:1      | Reached skill level 1 in Dodging
    96 | D:1      | Reached XP level 2. HP: 12/20 MP: 2/2
   339 | D:$      | Got out of the dungeon alive.

Vault maps used:
D:1:      ncdulo_watergridlock

Skill      XL: |  1 |
---------------+----+-----
Dodging        | 1 |  1.2
Fighting       | |  4.7
Staves         | |  1.7
Armour         | |  1.0
Stealth        | |  2.6
Evocations     | |  1.2

Action                   || total
-------------------------++-------
Melee: Quarterstaff      ||    35
  Eat: Chunk             ||     1
Armor: Scale mail        ||    38
Dodge: Dodged            ||    31

Vault maps used:
D:1:      ncdulo_watergridlock

Table legend:
 A = Turns spent in this place as a percentage of turns spent in the entire game.
 B = Non-inter-level travel turns spent in this place as a percentage of non-inter-level travel turns spent in the entire game.
 C = Inter-level travel turns spent in this place as a percentage of turns spent in this place.
 D = Turns resting spent in this place as a percentage of non-inter-level travel turns spent in this place.
 E = Turns spent auto-exploring this place as a percentage of non-inter-level travel turns spent in this place.
 F = Non-inter-level travel turns spent in this place divided by the number of levels of this place that you've seen.
                   A       B       C       D       E      F
               +-------+-------+-------+-------+-------+----------------------
         Total | 100.0 | 100.0 |   2.3 |   1.6 |   7.8 | 128.0
       Dungeon | 100.0 | 100.0 |   2.3 |   1.6 |   7.8 | 128.0
               +-------+-------+-------+-------+-------+----------------------

Table legend:
 A = Kills in this place as a percentage of kills in entire the game.
 B = Kills by you in this place as a percentage of kills by you in the entire game.
 C = Kills by friends in this place as a percentage of kills by friends in the entire game.
 D = Other kills in this place as a percentage of other kills in the entire game.
 E = Experience gained in this place as a percentage of experience gained in the entire game.
 F = Experience gained in this place divided by the number of levels of this place that you have seen.
                   A       B       C       D       E      F
               +-------+-------+-------+-------+-------+----------------------
         Total | 100.0 | 100.0 |  -nan |  -nan | 100.0 |  16.0
       Dungeon | 100.0 | 100.0 |  -nan |  -nan | 100.0 |  16.0
               +-------+-------+-------+-------+-------+----------------------
